 Dungeon Crawl Stone Soup version 0.19.4-8-ga85b6b9 (webtiles) character file.

64 Haldmier the Slasher (level 3, 0/24 HPs)
             Began as a High Elf Skald on Feb 11, 2017.
             Succumbed to Chiseanne's ghost's poison
             ... on level 2 of the Dungeon.
             The game lasted 00:06:22 (1673 turns).

Haldmier the Slasher (High Elf Skald)               Turns: 1673, Time: 00:06:23

Health: 0/24       AC:  3    Str: 10 (12) XL:     3   Next: 91%
Magic:  7/7        EV: 11    Int: 14 (15) God:
Gold:   65         SH:  0    Dex: 12 (15) Spells: 2 memorised, 3 levels left

rFire  . . .     SeeInvis .     a - +0 falchion
rCold  . . .     Gourm    .     f - +0 leather armour
rNeg   . . .     Faith    .     (no shield)
rPois  .         Spirit   .     (no helmet)
rElec  .         Reflect  .     (no cloak)
rCorr  .         Harm     .     (no gloves)
MR     .....                    (no boots)
Stlth  +.........               (no amulet)
                                (no ring)
                                (no ring)

@: lethally poisoned (0 -> -7)
A: no striking features
a: no special abilities


You were on level 2 of the Dungeon.
You were hungry.

You visited 1 branch of the dungeon, and saw 3 of its levels.

You collected 65 gold pieces.

Inventory:

Hand Weapons
 a - a +0 falchion (weapon)
 b - a +0 hunting sling
Missiles
 e - 35 stones (quivered)
 j - 18 sling bullets
Armour
 f - a +0 leather armour (worn)
Scrolls
 g - a scroll of identify
 k - 2 scrolls of remove curse {unknown}
 l - 2 scrolls of amnesia
 m - a scroll of fog {unknown}
Potions
 o - a potion of magic
Books
 c - a book of Battle

   Spells                             Type                      Level
   a - Infusion                       Charms                       1
   b - Shroud of Golubria             Charms/Translocation         2
   c - Song of Slaying                Charms                       2
   d - Spectral Weapon                Hexes/Charms                 3
   e - Regeneration                   Charms/Necromancy            3
Comestibles
 d - a bread ration
 h - 5 chunks of flesh
 i - a royal jelly


   Skills:
 - Level 2.0 Fighting
 * Level 4.6 Long Blades
 - Level 0.8 Armour
 - Level 1.1 Dodging
 - Level 2.4 Spellcasting
 - Level 3.6 Charms
 + Level 1.6 Translocations


You had 3 spell levels left.
You knew the following spells:

 Your Spells              Type           Power        Failure   Level  Hunger
a - Infusion              Chrm           ##..         10%         1    #......
b - Shroud of Golubria    Chrm/Tloc      #.........   17%         2    ###....


Dungeon Overview and Level Annotations

Branches:
Dungeon (3/15)

Altars:
Uskayaw

Annotations:
D:3 Chiseanne's ghost, amateur DsWz


Message History

You see here a scroll labeled QENGEQ NIXTA.
Found a stone staircase leading up.
Chiseanne's ghost (amateur Demonspawn Wizard) comes into view.
It is wielding a weapon of chaos.
Found a bread ration.
A leopard gecko comes into view.
The leopard gecko hisses angrily.
Chiseanne's ghost turns its malevolent gaze towards you.
The leopard gecko barely misses you. x2
There is a stone staircase leading up here.
Chiseanne's ghost hits you.
* * * LOW HITPOINT WARNING * * *
You are lethally poisoned!
The goblin closely misses you.
You riposte.
You barely miss the goblin. The leopard gecko closely misses you.
You climb upwards.
* * * LOW HITPOINT WARNING * * *
You feel sick.
There is a stone staircase leading down here.
You take 4 damage, and have 1/24 hp.
You die...

..# #.# #.# #.# #.#
#.## #.# #.# #..##
#.# #.####...# #.#
##<#......#
#.###....[....####
#gl..............#
#>.........##.##.#
#@###......#...#.#
#.# #........_....
#.# #...##.#...#..
[.......##.##.##..
.........##........
......... ####.....
.........#
####.....
.........#
#........
.........#
#..######


You could see a leopard gecko and a goblin.

Vanquished Creatures
  3 adders (D:2)
  A worm (D:2)
  2 leopard geckos (D:1)
  3 giant cockroaches (D:1)
  3 hobgoblins
  A bat (D:1)
  A frilled lizard (D:2)
  5 goblins
  6 kobolds (D:1)
  8 rats
33 creatures vanquished.

Notes
Turn   | Place    | Note
-------+----------+-------------------------------------------
     0 | D:1      | Haldmier the High Elf Skald began the quest for the Orb.
     0 | D:1      | Reached XP level 1. HP: 14/14 MP: 4/4
   107 | D:1      | Reached skill level 3 in Long Blades
   128 | D:1      | Reached XP level 2. HP: 8/19 MP: 3/6
   306 | D:1      | Learned a level 2 spell: Shroud of Golubria
  1047 | D:1      | Reached skill level 1 in Translocations
  1284 | D:2      | Reached XP level 3. HP: 24/24 MP: 4/7
  1320 | D:2      | Found a hide-covered altar of Uskayaw.
  1369 | D:2      | Reached skill level 4 in Long Blades
  1614 | D:2      | HP: 1/24 [poisoned by an adder]
  1625 | D:3      | Noticed a scorpion
  1667 | D:3      | Noticed Chiseanne's ghost (amateur DsWz)
  1672 | D:2      | HP: 1/24 [poisoned by Chiseanne's ghost]
  1673 | D:2      | Succumbed to Chiseanne's ghost's poison

Skill      XL: |  1  2  3 |
---------------+----------+-----
Long Blades    | 3 4 |  4.6
Translocations | 1 |  1.6
Fighting       | |  2.0
Armour         | |  0.8
Dodging        | |  1.1
Spellcasting   | |  2.4
Charms         | |  3.6

Action                   || total
-------------------------++-------
Melee: Falchion          ||   102
 Fire: Hunting sling     ||     5
 Cast: Infusion          ||    19
  Use: Potion            ||     2
       Scroll            ||     1
 Stab: Sleeping          ||     1
  Eat: Chunk             ||     2
Armor: Leather armour    ||    25
Dodge: Dodged            ||    47
       Rpst.: Falchion   ||    14
